 Dungeon Crawl Stone Soup version 0.29.1-2-gbd0b4ee654 (webtiles) character file.

Game seed: 884773767292454169

192 qeuew the Trooper (level 5, 0/42 HPs)
             Began as a Demonspawn Fighter on Nov 8, 2022.
             Slain by a gnoll
             ... wielding a +0 club
             ... led by a gnoll bouda
              (6 damage)
             ... on level 4 of the Dungeon.
             The game lasted 00:03:59 (2692 turns).

qeuew the Trooper (Demonspawn Fighter)              Turns: 2692, Time: 00:03:59

Health: 0/42       AC:  6    Str: 17    XL:     5   Next: 42%
Magic:  5/5        EV:  9    Int:  9    God:
Gold:   107        SH:  5    Dex: 14    Spells: 4/4 levels left

rFire   . . .      SeeInvis .   a - +0 war axe
rCold   . . .      Faith    .   c - +0 buckler
rNeg    . . .      Spirit   .   b - +0 scale mail
rPois   .          Reflect  .   (no helmet)
rElec   .          Harm     .   (no cloak)
rCorr   .          Rampage  .   (no gloves)
Will    .....                   (no boots)
Stlth   ..........              (no amulet)
HPRegen 0.14/turn               (no ring)
MPRegen 0.18/turn               (no ring)

@: no status effects
A: claws 1, powered by death 1, magic regeneration
a: no special abilities


You were on level 4 of the Dungeon.
You visited 1 branch of the dungeon, and saw 4 of its levels.

You collected 107 gold pieces.

Inventory:

Hand Weapons
 a - a +0 war axe (weapon)
Armour
 b - a +0 scale mail (worn)
 c - a +0 buckler (worn)
Scrolls
 g - a scroll of teleportation
 h - 3 scrolls of magic mapping
 l - a scroll of immolation
Potions
 d - a potion of might
 i - a potion of haste
 j - a potion of brilliance
 k - 2 potions of resistance


   Skills:
 + Level 3.8 Fighting
 + Level 2.8 Axes
 + Level 3.4 Armour
 + Level 1.9 Dodging
 + Level 3.4 Shields


You had 4 spell levels left.
You didn't know any spells.
Your spell library contained the following spells:

 Spells                   Type           Power      Damage    Failure   Level
 Blink                    Tloc           0%         N/A       95%         2
 Lesser Beckoning         Tloc           0%         N/A       99%         3
 Manifold Assault         Tloc           0%         N/A       100%        5


Dungeon Overview and Level Annotations

Branches:
Dungeon (4/15)
 Temple: D:4-7

Altars:


Innate Abilities, Weirdness & Mutations

You have sharp fingernails.
You regenerate a little health from kills.
You regenerate magic rapidly.


Message History

The gnoll bouda barks out a call to the hunt!
The gnolls pick up the pace!
The gnoll hits you from afar with a +0 spear.
You are too injured to fight recklessly!
You are too injured to fight recklessly!
You are too injured to fight recklessly!
You are too injured to fight recklessly!
You are too injured to fight recklessly!
You are too injured to fight recklessly!
You are too injured to fight recklessly!
You are too injured to fight recklessly!
You are too injured to fight recklessly!
You are too injured to fight recklessly!
You are too injured to fight recklessly!
You are too injured to fight recklessly!
You are too injured to fight recklessly!
You are too injured to fight recklessly!
You are too injured to fight recklessly!
You are too injured to fight recklessly!
You are too injured to fight recklessly!
You are too injured to fight recklessly!
You slash the gnoll bouda!
The gnoll bouda is almost dead.
You closely miss the adder. You barely miss the gnoll.
You block the adder's attack. You block the gnoll's attack.
The gnoll bouda hits you with a +0 whip.
The gnoll hits you from afar with a +0 spear.
* * * LOW HITPOINT WARNING * * *
The adder barely misses you. The gnoll barely misses you.
The gnoll hits you from afar with a +0 spear.
* * * LOW HITPOINT WARNING * * *
The gnoll bouda hits you but does no damage.
You slash the gnoll bouda!
You kill the gnoll bouda!
You hit the gnoll but do no damage. You hit the adder.
The adder closely misses you.
The gnoll hits you from afar with a +0 spear.
* * * LOW HITPOINT WARNING * * *
The gnoll hits you with a +0 club.
You die...

##~.....~.
###~~......#
~~~~.......#
...........#
......~~...#
......~!..<######
..................
~..........######.
≈~....J@...#
##...gg)S..#
#.........#
...........#
.?..#........
....#....##### #..
..#.## ## ...#.#


You could see a jelly, 2 gnolls and an adder.

Vanquished Creatures
  A gnoll bouda (D:4)
  Natasha (D:3)
  Robin (D:3)
  4 gnolls
  3 adders
  3 dart slugs
  An orc (D:3)
  2 bats
  6 endoplasms
  16 goblins
  13 hobgoblins
  12 kobolds
  2 quokkas
  8 ball pythons
  5 frilled lizards
  3 rats
81 creatures vanquished.

Notes
Turn   | Place    | Note
-------+----------+-------------------------------------------
     0 | D:1      | qeuew the Demonspawn Fighter began the quest for the Orb.
     0 | D:1      | Reached XP level 1. HP: 18/18 MP: 1/1
   185 | D:1      | Found a faded altar of an unknown god.
   215 | D:1      | Gained mutation: You have sharp fingernails. [demonic
                  | ancestry]
   215 | D:1      | Reached XP level 2. HP: 20/24 MP: 2/2
   858 | D:2      | Reached skill level 1 in Dodging
   858 | D:2      | Reached XP level 3. HP: 13/29 MP: 3/3
   867 | D:2      | HP: 1/29 [kobold/+0 club (4)]
   873 | D:2      | HP: 1/29 [kobold/+0 club (1)]
  1192 | D:2      | Gained mutation: You regenerate a little health from kills.
                  | [demonic ancestry]
  1192 | D:2      | Reached XP level 4. HP: 35/35 MP: 4/4
  2252 | D:3      | Noticed Natasha
  2260 | D:3      | Killed Natasha
  2261 | D:3      | Gained mutation: You regenerate magic rapidly. [demonic
                  | ancestry]
  2261 | D:3      | Reached XP level 5. HP: 42/42 MP: 5/5
  2348 | D:3      | Noticed Robin
  2359 | D:3      | Killed Robin
  2374 | D:3      | HP: 1/42 [dart slug/slug dart (2)]
  2692 | D:4      | Slain by a gnoll

Illustrated notes

Levels and vault maps discovered:
D:1:      shiori_arrival_maze, layout_rooms,
          shapermc_ecumenical_altar_totnotflames
D:2:      layout_basic
D:3:      layout_basic, uniq_natasha, uniq_robin
D:4:      layout_rooms, mainiacjoe_overflow_brackets, minivault_5,
          minmay_misc_feat_chi, kennysheep_decorative_pillar, chequers_jeans,
          uniq_eustachio

Skill      XL: |  1  2 |
---------------+-------+-----
Axes           | 2 |  2.8
Armour         | 3 |  3.4
Dodging        | 1 |  1.9
Shields        | 3 |  3.4
Fighting       | |  3.8

Action                   |  1- 3 |  4- 6 || total
-------------------------+-------+-------++-------
Melee: War axe           |    88 |   133 ||   221
  Use: Scroll            |     4 |     5 ||     9
       Potion            |     1 |     4 ||     5
Armor: Scale mail        |    34 |    58 ||    92
Dodge: Dodged            |    46 |    81 ||   127
Block: Buckler           |    17 |    41 ||    58
